AoeStats
← E-d-d-i-e91G

Black Forest

510055881Analyzed
2v2 RM · 4d ago on Sep 29, 2026· 46m 43s· 4 players
Game mode
Random Map
Map size
Medium (4 player)
Population
200
Speed
Normal
Resources
Standard
Victory
Conquest
Starting age
Dark Age
Ending age
Imperial Age
RankedLock teamsTeams togetherTeam positionsShared explorationLock speedFull tech treeHidden civsTurbo modeCheats
Victory
Defeat
🇦🇺 Britons · Australia
398
+22
🇦🇺 Shu · Australia
396
+22
🇺🇸 Turks · United States
539
-23
🇺🇸 Persians · United States
517
-21
E-d-d-i-e91G
11:45 Feudal Age
12:24 Horse Collar
12:41 Gold Mining
15:19 Double-Bit Axe
16:23 Wheelbarrow
20:41 Town Watch
21:52 Stone Mining
24:54 Castle Age
25:44 Heavy Plow
26:08 Fletching
26:26 Loom
27:19 Padded Archer Armor
28:46 Pikeman
29:13 Gambesons
30:20 Squires
30:40 Leather Archer Armor
34:00 Ballistics
33:21 Treadmill Crane
34:22 Caravan
34:58 Thumb Ring
34:16 Crossbowman
35:20 Bodkin Arrow
38:19 Gold Shaft Mining
38:13 Hand Cart
39:57 Coiled Serpent Array
44:06 Imperial Age
42:10 Scale Mail Armor
45:33 Ring Archer Armor
45:05 Bracer
45:21 Chain Mail Armor
IAMASTROMAN9714
14:10 Feudal Age
16:22 Gold Mining
18:20 Double-Bit Axe
19:24 Wheelbarrow
20:43 Stone Mining
25:24 Castle Age
23:18 Horse Collar
24:29 Fishing Lines
26:43 Heavy Plow
27:53 Gillnets
29:31 Bow Saw
30:39 Padded Archer Armor
30:30 Fletching
33:50 Leather Archer Armor
33:31 Bodkin Arrow
34:21 Forging
34:17 Scale Barding Armor
39:21 Imperial Age
38:36 Fortified Wall
38:49 Masonry
38:46 Caravan
42:55 Elite Longbowman
44:50 Chemistry
44:12 Ballistics
The Messiaw
0:31 Loom
13:09 Feudal Age
14:29 Wheelbarrow
14:04 Double-Bit Axe
14:35 Town Watch
17:25 Gold Mining
17:26 Stone Mining
32:14 Castle Age
34:09 Caravan
34:40 Coinage
34:56 Hand Cart
34:26 Horse Collar
34:59 Bow Saw
36:24 Heavy Plow
38:28 Gold Shaft Mining
SKG EstWinG
0:44 Loom
12:49 Feudal Age
14:08 Wheelbarrow
13:21 Horse Collar
13:35 Double-Bit Axe
27:09 Castle Age
25:20 Fletching
25:41 Scale Barding Armor
25:50 Forging
26:56 Stone Mining
27:01 Gold Mining
29:28 Hand Cart
32:14 Bow Saw
32:16 Heavy Plow
34:03 Gold Shaft Mining
34:09 Stone Shaft Mining
35:32 Chain Barding Armor
35:08 Bodkin Arrow
35:50 Iron Casting
38:45 Imperial Age
39:23 Ballistics
40:28 Chemistry
40:25 Thumb Ring
39:43 Elite Skirmisher
39:58 Elite War Elephant
Connection lost

Rejoining the realm…

Still unreachable

The connection could not be restored.

Session expired

The server has moved on; the page needs a fresh start.